 Dungeon Crawl Stone Soup version 0.21.0-25-ge575cb9 (webtiles) character file.

578 Moloch the Slasher (level 7, 0/55 HPs)
             Began as a Mummy Fighter on Jan 23, 2018.
             Slain by Menkaure (19 damage)
             ... on level 4 of the Dungeon.
             The game lasted 00:04:36 (2843 turns).

Moloch the Slasher (Mummy Fighter)                  Turns: 2843, Time: 00:04:37

Health: 0/55       AC:  8    Str: 20    XL:     7   Next: 13%
Magic:  7/7        EV:  5    Int:  7    God:
Gold:   165        SH:  9    Dex: 13    Spells: 6/6 levels left

rFire    x . .     SeeInvis +   a - +0 long sword
rCold    + . .     Gourm    .   c - +0 shield
rNeg     + + +     Faith    .   h - +0 chain mail
rPois    ∞         Spirit   .   (no helmet)
rElec    .         Reflect  .   (no cloak)
rCorr    .         Harm     .   (no gloves)
MR       .....                  (no boots)
Stlth    ..........             (no amulet)
HPRegen  0.18/turn              d - ring of see invisible
MPRegen  0.10/turn              (no ring)

@: no status effects
A: no food or potions, fire vulnerability, cold resistance 1, negative energy
resistance 3, torment resistance, unbreathing
a: no special abilities


You were on level 4 of the Dungeon.
You were not hungry.

You visited 1 branch of the dungeon, and saw 4 of its levels.

You collected 165 gold pieces.

Inventory:

Hand Weapons
 a - a +0 long sword (weapon)
Armour
 c - a +0 shield (worn)
 h - a +0 chain mail (worn)
Jewellery
 d - a ring of see invisible (left hand)
 l - an uncursed ring of protection from magic {unknown}
Scrolls
 b - 5 scrolls of identify {unknown}
 e - 2 scrolls of magic mapping {unknown}
 f - 2 scrolls of teleportation {unknown}
 g - 2 scrolls of remove curse {unknown}
 i - 3 scrolls of immolation {unknown}
 j - 2 scrolls of enchant weapon {unknown}
 k - 2 scrolls of fear {unknown}


   Skills:
 + Level 4.5 Fighting
 * Level 5.9 Long Blades
 - Level 2.4 Armour
 - Level 2.4 Shields


You had 6 spell levels left.
You didn't know any spells.

Dungeon Overview and Level Annotations

Branches:
Dungeon (4/15)
 Temple: D:4-7

Altars:
Makhleb
Nemelex Xobeh

Annotations:
D:4 Menkaure


Innate Abilities, Weirdness & Mutations

You do not eat or drink.
Your flesh is vulnerable to fire.
You are immune to poison.
Your flesh is cold resistant. (rC+)
You are immune to negative energy. (rN+++)
You are immune to unholy pain and torment.
You can survive without breathing.


Message History

Menkaure is lightly damaged.
Menkaure hums, "It doesn't hurt if you pull your brain out of your nose yourself."
Menkaure hits you!
You slash Menkaure!
Menkaure is heavily damaged.
Menkaure hits you but does no damage.
You hit Menkaure but do no damage.
Menkaure is heavily damaged.
Menkaure hits you!!
A dart slug comes into view.
You are too injured to fight recklessly!
You are too injured to fight recklessly!
You slash Menkaure!
Menkaure is almost destroyed.
Menkaure casts a spell.
Menkaure seems to speed up.
The dart slug moves out of view.
You barely miss Menkaure.
Menkaure is almost destroyed.
Menkaure hits you!!
You die...

#..#.#.######. #.#
#.........[... ##.#
##.#.#.###### ...#
#......#.. ...
#......#.#######
.M####†....#........ ##
#.#........#........ ..
#h#<.......#........
####.##.#@####...#........
........M...........>.....
.....##.###.######........
.... #...................
### ##.###.#######.......
#....................
#.####.############## #.
#.# #. #.#


You could see Menkaure.

Vanquished Creatures
  Grinder (D:3)
  The ghost of Nanban the Slasher, an amateur DsMo (D:3)
  A hound (D:3)
  A bullfrog skeleton (D:4)
  Ijyb (D:2)
  Natasha (thrice) (D:3)
  5 adders
  2 worms (D:2)
  2 leopard geckos
  2 giant cockroaches
  9 goblins
  6 hobgoblins
  6 kobolds
  A ball python (D:2)
  9 bats
  2 frilled lizards (D:1)
  8 rats
60 creatures vanquished.

Notes
Turn   | Place    | Note
-------+----------+-------------------------------------------
     0 | D:1      | Moloch the Mummy Fighter began the quest for the Orb.
     0 | D:1      | Reached XP level 1. HP: 18/18 MP: 1/1
   306 | D:1      | Reached XP level 2. HP: 24/24 MP: 2/2
   363 | D:1      | Reached skill level 2 in Long Blades
   787 | D:2      | Reached XP level 3. HP: 27/29 MP: 3/3
  1215 | D:2      | Found a sparkling altar of Nemelex Xobeh.
  1295 | D:2      | Reached skill level 3 in Long Blades
  1295 | D:2      | Reached XP level 4. HP: 28/37 MP: 4/4
  1468 | D:3      | Noticed Nanban's ghost (amateur DsMo)
  1734 | D:3      | Noticed Ijyb
  1767 | D:3      | Paralysed by Ijyb for 5 turns
  1833 | D:3      | Paralysed by Ijyb for 4 turns
  1852 | D:2      | Killed Ijyb
  1928 | D:3      | Killed Nanban's ghost
  1928 | D:3      | Reached skill level 4 in Long Blades
  1928 | D:3      | Reached XP level 5. HP: 13/42 MP: 5/5
  2145 | D:3      | Noticed Natasha
  2149 | D:3      | Killed Natasha
  2169 | D:3      | Found a burning altar of Makhleb.
  2169 | D:3      | Noticed an Executioner
  2172 | D:3      | Noticed a hellwing
  2172 | D:3      | Noticed a smoke demon
  2190 | D:3      | Noticed Natasha
  2197 | D:3      | Killed Natasha
  2197 | D:3      | Reached XP level 6. HP: 39/48 MP: 6/6
  2270 | D:3      | Noticed Grinder
  2298 | D:3      | Paralysed by Grinder for 4 turns
  2304 | D:3      | Killed Grinder
  2304 | D:3      | Reached skill level 5 in Long Blades
  2331 | D:3      | Noticed Natasha
  2344 | D:3      | Killed Natasha
  2514 | D:3      | Reached XP level 7. HP: 55/55 MP: 7/7
  2801 | D:4      | Noticed Menkaure
  2843 | D:4      | Slain by Menkaure

Skill      XL: |  1  2  3  4  5  6 |
---------------+-------------------+-----
Long Blades    | 2 3 4 5 |  5.9
Fighting       | 4 |  4.5
Armour         | |  2.4
Shields        | |  2.4

Action                   |  1- 3 |  4- 6 |  7- 9 || total
-------------------------+-------+-------+-------++-------
Melee: Long sword        |   140 |   108 |    34 ||   282
Armor: Scale mail        |    49 |    12 |       ||    61
       Chain mail        |       |    45 |    18 ||    63
Dodge: Dodged            |    44 |    29 |     5 ||    78
Block: Shield            |    61 |    48 |    18 ||   127
       Rpst.: Long sword |    16 |    11 |     2 ||    29
